Map: King's Cove LE

Players

FancyBear

  • Race: Protoss Protoss
  • League: Platinum
  • Spawn Location: 11:00

Aex - Winner!

  • Race: Zerg Zerg
  • League: Platinum
  • Spawn Location: 5:00

VOD

Have the link to the VOD?

Description

3200 zerg playing against protoss

Time

  • Played on: March 15, 2019, 10:45 p.m.
  • Length: 11:47
Show
View Real Time Build Order
Export as new Build Order

FancyBear Protoss 

Build Orders: Nexus First 

Get SALT Encoding   

  12  0:01  Probe  
  13  0:10  Probe  
  14  0:18  Probe  
  15  0:49  Nexus  
  15  1:01  Pylon  
  15  1:19  Probe  
  15  1:24  Forge  
  16  1:27  Gateway  
  16  1:29  Probe  
  16  1:33  Assimilator  
  16  1:37  Probe  
  18  1:47  Probe  
  18  1:51  Gateway  
  19  1:57  Probe  
  20  2:02  Probe  
  20  2:05  Probe  
  21  2:10  Probe  
  21  2:15  Probe  
  23  2:18  Probe  
  25  2:23  Cybernetics Core  
  25  2:28  Zealot  
  27  2:43  Gateway  
  27  2:45  Probe  
  27  2:46  Pylon  
  27  2:50  Probe  
  29  2:59  Probe  
  29  3:02  Probe  
  31  3:07  Probe  
  31  3:09  Gateway  
  31  3:11  Photon Cannon  
  32  3:15  Warp Gate  
  32  3:18  Probe, Protoss Ground Weapons Level 1  
  32  3:19  Probe  
  32  3:27  Probe  
  34  3:30  Probe  
  36  3:45  Gateway  
  36  3:46  Assimilator  
  36  3:47  Pylon  
  36  3:49  Assimilator  
  36  3:54  Pylon  
  36  3:58  Pylon  
  36  4:02  Stalker  
  36  4:03  Assimilator  
  36  4:07  Stalker  
  36  4:09  Stalker  
  42  4:10  Probe  
  43  4:17  Probe  
  43  4:18  Probe  
  45  4:25  Stalker, Probe  
  48  4:32  Stalker  
  50  4:54  Probe  
  51  5:00  Twilight Council  
  51  5:01  Gateway  
  51  5:04  Gateway  
  51  5:06  Robotics Facility  
  51  5:19  Protoss Ground Armor Level 1  
  51  5:23  Nexus  
  51  5:26  Pylon  
  51  5:28  Charge  
  51  5:32  Probe  
  51  5:40  Probe  
  51  5:42  Stalker  
  54  5:43  Stalker x2  
  54  5:45  Zealot  
  54  5:46  Zealot  
  63  5:50  Probe  
  63  5:51  Assimilator  
  63  5:55  Assimilator  
  63  5:56  Probe  
  65  5:57  Pylon  
  65  6:00  Observer  
  65  6:04  Zealot  
  68  6:05  Zealot  
  68  6:08  Probe  
  71  6:15  Photon Cannon  
  71  6:17  Photon Cannon  
  71  6:22  Photon Cannon  
  71  6:26  Photon Cannon  
  71  6:34  Immortal  
  71  6:37  Probe  
  75  6:43  Probe  
  75  6:45  Probe  
  78  6:47  Probe  
  79  6:57  Zealot  
  79  6:58  Probe, Zealot x3  
  88  7:06  Probe  
  89  7:29  Zealot  
  91  7:30  Zealot x5  
  91  7:37  Pylon  
  101  7:39  Pylon  
  101  7:42  Pylon  
  101  7:45  Pylon  
  101  7:46  Pylon  
  101  7:48  Pylon x2  
  101  7:51  Probe  
  102  7:59  Probe  
  102  8:01  Protoss Ground Weapons Level 2  
  102  8:03  Dark Shrine  
  104  8:05  Probe  
  104  8:08  Probe  
  104  8:10  Probe  
  105  8:16  Probe  
  105  8:17  Probe  
  105  8:18  Probe  
  107  8:24  Probe  
  109  8:32  Nexus  
  110  8:34  Zealot  
  110  8:36  Zealot x3  
  110  8:37  Zealot x2, Probe  
  110  8:39  Zealot  
  125  8:45  Probe  
  125  8:53  Immortal  
  130  9:21  Dark Templar x2  
  130  9:22  Dark Templar x4  
  130  9:23  Dark Templar  
  102  9:42  Gateway  
  102  9:43  Gateway  
  102  9:45  Gateway  
  102  9:47  Gateway  
  102  9:48  Probe, Gateway  
  102  9:49  Probe, Gateway  
  102  9:51  Gateway  
  104  9:53  Gateway  
  104  9:56  Probe  
  104  10:01  Probe  
  98  10:12  Pylon  
  94  10:15  Stalker x4  
  94  10:16  Stalker x3  
  90  10:44  Dark Templar x4  
  90  10:45  Dark Templar x5  
  90  10:46  Dark Templar x2  
  90  10:47  Dark Templar  
  96  10:50  Archon x5  
  96  10:51  Archon  
  89  10:58  Stalker  
  89  10:59  Stalker x2  
  79  11:15  Zealot x2  
  79  11:16  Zealot x2  
  79  11:17  Zealot  
  79  11:18  Zealot  
  77  11:19  Zealot  
  77  11:24  Zealot  
  77  11:25  Zealot x2  
  83  11:26  Zealot  
  83  11:27  Zealot  
  71  11:33  Zealot  
  71  11:34  Zealot  
  71  11:35  Zealot x2  
Show
View Real Time Build Order
Export as new Build Order

Aex Zerg - Winner!

Build Orders: Hatch First, Roach Hydra 

Get SALT Encoding   

  12  0:01  Drone  
  13  0:13  Overlord  
  13  0:20  Drone  
  14  0:31  Drone  
  14  0:32  Drone  
  16  0:39  Drone  
  17  0:46  Drone  
  18  1:01  Hatchery  
  18  1:02  Extractor, Drone  
  17  1:14  Drone  
  18  1:21  Spawning Pool  
  18  1:24  Drone  
  18  1:29  Drone  
  19  1:39  Overlord  
  19  1:59  Drone  
  20  2:05  Hatchery  
  19  2:10  Queen  
  21  2:17  Drone x2  
  21  2:20  Drone  
  24  2:27  Metabolic Boost  
  24  2:36  Queen  
  26  2:41  Overlord  
  26  2:47  Drone x2  
  26  2:49  Drone  
  29  2:56  Queen  
  31  2:59  Drone  
  31  3:02  Drone  
  31  3:04  Drone  
  34  3:06  Drone  
  35  3:17  Queen  
  35  3:19  Drone x3  
  40  3:26  Drone  
  41  3:32  Drone x4  
  45  3:38  Queen  
  47  3:41  Drone  
  47  3:42  Drone x2  
  47  3:46  Overlord  
  50  3:49  Extractor  
  50  3:54  Roach Warren, Drone  
  49  4:05  Lair  
  49  4:11  Extractor  
  49  4:12  Overlord x2  
  49  4:13  Overlord  
  49  4:14  Zergling x6  
  51  4:19  Drone  
  52  4:28  Drone x2  
  54  4:38  Drone  
  54  4:39  Drone x3  
  58  4:47  Overlord x3  
  58  4:48  Overlord  
  58  4:49  Drone x2  
  58  4:50  Drone x5  
  65  4:54  Queen  
  67  5:00  Extractor  
  67  5:04  Drone  
  67  5:05  Drone x2  
  69  5:14  Drone x5  
  74  5:25  Drone x6  
  74  5:27  Extractor  
  79  5:28  Extractor  
  79  5:29  Glial Reconstitution  
  79  5:34  Hydralisk Den  
  77  5:52  Drone  
  77  5:53  Drone x3  
  81  6:01  Spire  
  80  6:05  Drone x2  
  80  6:06  Evolution Chamber  
  80  6:07  Evolution Chamber  
  80  6:08  Grooved Spines  
  79  6:19  Drone x3  
  79  6:21  Nydus Network  
  81  6:27  Roach x3  
  81  6:28  Roach x5  
  81  6:29  Overlord  
  81  6:30  Overlord x7  
  97  6:33  Overseer  
  97  6:47  Zerg Ground Armor Level 1, Zerg Missile Weapons Level 1  
  97  6:48  Hydralisk x2  
  97  6:49  Hydralisk  
  103  7:09  Hatchery  
  102  7:20  Muscular Augments  
  102  7:31  Overseer  
  102  7:42  Hydralisk  
  102  7:43  Hydralisk x16  
  136  7:55  Hatchery  
  135  7:59  Mutalisk x2  
  139  8:16  Overseer  
  139  8:17  Overlord  
  139  8:18  Overlord x5  
  139  8:19  Overlord x2  
  139  8:20  Overlord x2  
  139  8:33  Roach  
  151  8:34  Queen, Roach x5  
  153  8:45  Nydus Canal  
  153  8:59  Nydus Canal  
  153  9:21  Roach  
  153  9:22  Roach x11  
  153  9:23  Queen  
  168  9:29  Hydralisk x5  
  151  9:35  Roach x2  
  139  9:40  Drone x2  
  141  9:55  Drone x2  
  141  9:56  Drone x3  
  141  9:57  Drone x3  
  141  9:59  Hydralisk x2  
  149  10:00  Hydralisk x3  
  149  10:14  Overseer  
  149  10:15  Overseer  
  145  10:21  Hydralisk  
  145  10:22  Hydralisk x8  
  156  10:31  Hydralisk x9  
  169  10:43  Hydralisk x6  
  169  10:49  Hydralisk x2  
  178  11:00  Hydralisk x5  
  172  11:13  Hydralisk x6  
Tags
 
Add a new tag
Caveats
  • Supply blocks, unpowered buildings, or Contaminate may cause inaccurate times.
  • Supply counts are checked every 10 seconds.